 Dungeon Crawl Stone Soup version 0.31.0-12-g77e489cdc1 (webtiles) character file.

Game seed: 15626752029446821100

8725 hawla the Severer (level 11, -2/84 HPs)
             Began as a Minotaur Fighter on Feb 17, 2024.
             Was an Initiate of Yredelemnul.
             Slain by an orc warlord
             ... wielding a +3 vampiric battleaxe
              (20 damage)
             ... on level 1 of the Orcish Mines.
             The game lasted 00:25:47 (11139 turns).

hawla the Severer (Minotaur Fighter)               Turns: 11139, Time: 00:25:48

Health: -2/84      AC: 15    Str: 22    XL:     11   Next: 13%
Magic:  13/13      EV:  7    Int: 13    God:    Yredelemnul [......]
Gold:   1894       SH:  9    Dex:  9    Spells: 10/10 levels left

rFire   . . .        a - +1 war axe (freeze)
rCold   + . .        c - +0 buckler
rNeg    . . .        n - +3 plate armour {rPois}
rPois   +            (helmet restricted)
rElec   .            (no cloak)
rCorr   .            (no gloves)
SInv    .            u - +0 pair of boots
Will    +....        h - amulet of reflection Stlth
                     e - ring of flight
HPRegen 0.34/turn    m - ring of willpower
MPRegen 0.13/turn

%: random rage (3%), reflection
@: flying, studying Air Magic
A: horns 2, retaliatory headbutt, claws 1, berserk 1, clever 2, cold resistance
1
a: Renounce Religion, Recall Undead Harvest


You were on level 1 of the Orcish Mines.
You worshipped Yredelemnul.
Yredelemnul was noncommittal.
You visited 3 branches of the dungeon, and saw 12 of its levels.

You collected 1894 gold pieces.

Inventory:

Hand Weapons
 a - a +1 war axe of freezing (weapon)
Missiles
 s - 14 poisoned darts (quivered)
Armour
 c - a +0 buckler (worn)
 n - a +3 plate armour of poison resistance (worn)
 u - a +0 pair of boots (worn)
Jewellery
 e - a ring of flight (left claw)
 g - a ring of ice
 h - an amulet of reflection (around neck)
 m - a ring of willpower (right claw)
 r - a ring of fire
Wands
 q - a wand of digging (3)
 y - a wand of charming (8)
 B - a wand of flame (27)
 D - a wand of iceblast (7)
 G - a wand of mindburst (1)
Scrolls
 f - a scroll of fear
 i - 2 scrolls of revelation
 k - a scroll of brand weapon
 F - a scroll of poison {unknown}
 I - a scroll of vulnerability {unknown}
Potions
 b - a potion of magic {unknown}
 d - 3 potions of might
 j - a potion of heal wounds
 l - 9 potions of curing {unknown}
 p - a potion of lignification {unknown}
 t - 3 potions of enlightenment {unknown}
 v - 2 potions of haste {unknown}
 x - a potion of attraction {unknown}
 C - 2 potions of ambrosia


   Skills:
 - Level 4.0 Fighting
 - Level 16.0 Axes
 - Level 6.0 Throwing
 - Level 3.6 Armour
 - Level 6.0 Dodging
 - Level 5.0 Shields
 + Level 5.0 Invocations
 - Level 3.0 Evocations


You had 10 spell levels left.
You didn't know any spells.
Your spell library was empty.

Dungeon Overview and Level Annotations

Branches:
Dungeon (10/15)            Temple (1/1) D:4             Orc (1/2) D:10
   Lair: D:8-11

Altars:
Ashenzari
Cheibriados
Dithmenos
Elyvilon
Fedhas
Gozag
Hepliaklqana
Kikubaaqudgha
Makhleb
Nemelex Xobeh
Okawaru
Qazlal
Ru
Sif Muna
Trog
Uskayaw
Vehumet
Wu Jian
Xom
Yredelemnul
Zin
The Shining One

Shops:
D:7 :

Annotations:
D:5 3 runed translucent doors; dig the loot, greatermn's ghost, novice DECj


Innate Abilities, Weirdness & Mutations

You have a pair of horns on your head.
You reflexively headbutt those who attack you in melee.
You have sharp fingernails.
You sometimes lose your temper in combat.
Your mind is very acute. (Int +8, Str/Dex -2)
Your flesh is cold resistant. (rC+)


Message History

Aim: an orc warlord, wielding a +0 arbalest and wearing a +0 plate armour (very poisoned, 69% to hit)
You throw a poisoned dart. The poisoned dart hits the orc warlord!
The orc warlord looks as sick as possible!
Aiming: Mindburst
Press: ? - help, Shift-Dir - straight line, f/p - orc warlord
Aim: an orc warlord, wielding a +0 arbalest and wearing a +0 plate armour (lightly wounded, extremely poisoned, chance to affect: 42%)
The orc warlord resists with some effort.
The orc warlord shoots a bolt.
You block the bolt with an invisible shield... and reflect it back!
The bolt hits the orc warlord.
Aiming: Iceblast
Press: ? - help, Shift-Dir - straight line, f - you, p - orc warlord
Okay, then.
The orc warlord shoots a bolt.
The bolt hits you!!
Okay, then.
The orc warlord shoots a bolt.
The bolt hits you!
* * * LOW HITPOINT WARNING * * *
Found 8 gold pieces.
The orc warlord shoots a bolt.
The bolt hits you.
* * * LOW HITPOINT WARNING * * *
The orc warlord unwields a +0 arbalest.
The orc warlord wields a +3 vampiric battleaxe.
You block the orc warlord's attack.
Aiming: Charm
Press: ? - help, Shift-Dir - straight line, f/p - orc warlord
Aim: an orc warlord, wielding a +3 vampiric battleaxe and wearing a +0 plate armour (lightly wounded, very poisoned, chance to affect: 23%)
Okay, then.
Aiming: Dig
Press: ? - help, Shift-Dir - straight line, f - you, p - orc warlord Please select a direction to dig.
Okay, then.
Aiming: Iceblast
Press: ? - help, Shift-Dir - straight line, p - orc warlord
Okay, then.
Aiming: Mindburst
Press: ? - help, Shift-Dir - straight line, f/p - orc warlord
Aim: an orc warlord, wielding a +3 vampiric battleaxe and wearing a +0 plate armour (lightly wounded, very poisoned, chance to affect: 42%)
The orc warlord's mind is blasted!!
The orc warlord hits you with a +3 vampiric battleaxe!!
You die...
Your body rises from the dead as a mindless zombie.

##..#o..########.#...............
.#####...#.#.##.............#....
#######..)....##.#..#......##....
.##.###..))....#.....#...........
......##..).........#......##....
.##....#.....#.............#.....
.#.#......#......##.......#......
.........###.#..........##.#....)
..........###...@...##.......#...
.###.###.#.#...o....#............
## ### ##......(...............))
# #.....................)) #
#.#........><........)). #
.........>...^........#. #
#$..#.......#....#.###..
#..............##### ##.
##.....#.#.## ##


You could see an orc warlord (very poisoned).

Vanquished Creatures
  An orc knight (Orc:1)
  2 trolls (D:9)
  A hornet (D:10)
  8 yaks
  A steam dragon (D:4)
  A warg (Orc:1)
  An acid dragon (D:10)
  A water moccasin (D:7)
  4 ice beasts
  2 black bears
  2 sky beasts (D:8)
  12 orc warriors
  A centaur (D:8)
  An ogre (D:4)
  A phantom (D:7)
  3 bullfrogs
  A kobold brigand (D:4)
  A gnoll sergeant (D:9)
  2 scorpions (D:5)
  8 wights
  4 howler monkeys
  2 electric eels (D:10)
  2 bombardier beetles
  3 hounds
  7 orc priests
  4 jellies (D:6)
  2 gnoll boudas
  12 orc wizards
  2 sleepcaps (D:6)
  4 iguanas
  10 gnolls
  14 adders
  A white imp (D:5)
  2 ufetubi (D:6)
  3 ribbon worms
  2 dart slugs
  47 orcs
  6 endoplasms
  6 giant cockroaches
  8 hobgoblins
  7 quokkas
  4 ball pythons
  3 bats
  3 frilled lizards
  5 goblins
  4 kobolds
  An orc zombie (Orc:1)
  8 rats
230 creatures vanquished.

Vanquished Creatures (collateral kills)
  A moth of wrath (D:7)
  A troll (Orc:1)
  A yak (D:8)
  An acid dragon (D:9)
  4 orc warriors (Orc:1)
  2 ogres (Orc:1)
  An orc priest (Orc:1)
  8 orcs
  A rat (D:7)
20 creatures vanquished.

Vanquished Creatures (others)
  A kobold brigand (D:7)
  A warg zombie (Orc:1)
  2 troll zombies
  2 yak zombies (D:9)
  An acid dragon zombie (D:10)
  An ogre zombie (Orc:1)
  2 spectral orcs
  An orc (Orc:1)
  A giant cockroach (D:4)
  28 orc zombies
40 creatures vanquished.

Grand Total: 290 creatures vanquished

Notes
Turn   | Place    | Note
-------+----------+-------------------------------------------
     0 | D:1      | hawla the Minotaur Fighter began the quest for the Orb.
     0 | D:1      | Reached XP level 1. HP: 19/19 MP: 0/0
   682 | D:1      | Reached XP level 2. HP: 23/27 MP: 1/1
  1368 | D:2      | Reached XP level 3. HP: 29/33 MP: 2/2
  1410 | D:2      | Reached skill level 5 in Shields
  1629 | D:2      | Found a faded altar of an unknown god.
  1804 | D:3      | Reached skill level 1 in Dodging
  1869 | D:3      | Reached XP level 4. HP: 16/40 MP: 3/3
  2141 | D:3      | Identified the +2 scale mail "Moam" {rPois Stlth+}
  2581 | D:4      | Reached XP level 5. HP: 43/46 MP: 4/4
  2672 | D:4      | You are sucked into a shaft and drop 2 floors!
  2682 | D:6      | Reached skill level 5 in Dodging
  2833 | D:6      | Reached XP level 6. HP: 51/52 MP: 5/5
  2857 | D:5      | Entered Level 5 of the Dungeon
  2876 | D:5      | Reached skill level 3 in Axes
  2887 | D:5      | Reached skill level 4 in Axes
  3154 | D:4      | Noticed a steam dragon
  3324 | D:4      | Killed a steam dragon
  3325 | D:4      | Reached skill level 6 in Axes
  3325 | D:4      | Reached XP level 7. HP: 40/59 MP: 6/6
  3463 | D:4      | Reached skill level 7 in Axes
  3622 | D:4      | Found a staircase to the Ecumenical Temple.
  3628 | Temple   | Entered the Ecumenical Temple
  4631 | D:5      | Found a runed translucent gate.
  4631 | D:5      | Found a runed translucent gate.
  4631 | D:5      | Found a runed translucent gate.
  4676 | D:5      | Reached skill level 8 in Axes
  4906 | D:5      | Reached XP level 8. HP: 66/66 MP: 7/7
  4973 | D:5      | Reached skill level 9 in Axes
  5054 | D:5      | Noticed greatermn's ghost (novice DECj)
  5245 | D:6      | Found a shimmering blue altar of Sif Muna.
  5245 | D:6      | Found an iron altar of Okawaru.
  5454 | D:6      | Reached skill level 10 in Axes
  5799 | D:6      | Reached skill level 11 in Axes
  5882 | D:7      | Gained mutation: You possess an exceptional clarity of
                  | mind. [potion of mutation]
  5882 | D:7      | Gained mutation: Your mind is acute. (Int +4, Str/Dex -1)
                  | [potion of mutation]
  5882 | D:7      | Gained mutation: You have sharp fingernails. [potion of
                  | mutation]
  5882 | D:7      | Gained mutation: Your spells are a little harder to cast,
                  | but a little more powerful. [potion of mutation]
  5883 | D:7      | Lost mutation: You possess an exceptional clarity of mind.
                  | [potion of mutation]
  5883 | D:7      | Lost mutation: Your spells are a little harder to cast, but
                  | a little more powerful. [potion of mutation]
  5883 | D:7      | Gained mutation: Your flesh is cold resistant. (rC+)
                  | [potion of mutation]
  5883 | D:7      | Gained mutation: You sometimes lose your temper in combat.
                  | [potion of mutation]
  5883 | D:7      | Gained mutation: Your mind is very acute. (Int +8, Str/Dex
                  | -2) [potion of mutation]
  5933 | D:7      | Reached skill level 12 in Axes
  5933 | D:7      | Reached XP level 9. HP: 53/71 MP: 8/8
  6271 | D:7      | Found a basalt altar of Yredelemnul.
  6286 | D:7      | Became a worshipper of Yredelemnul the Dark
  6379 | D:7      | Found Meshum's Book Boutique.
  6389 | D:7      | Reached * piety under Yredelemnul
  6434 | D:7      | Reached ** piety under Yredelemnul
  6435 | D:7      | Reached skill level 13 in Axes
  6814 | D:7      | Noticed a moth of wrath
  6817 | D:7      | Found a bloodstained altar of Trog.
  6845 | D:7      | Killed a moth of wrath
  6846 | D:7      | Reached skill level 14 in Axes
  7250 | D:8      | Reached skill level 15 in Axes
  7250 | D:8      | Reached *** piety under Yredelemnul
  7403 | D:8      | Reached XP level 10. HP: 78/78 MP: 9/9
  7406 | D:8      | Found a white marble altar of Elyvilon.
  7477 | D:8      | Found a shimmering altar of Xom.
  7549 | D:8      | Reached **** piety under Yredelemnul
  7938 | D:9      | Reached skill level 16 in Axes
  7946 | D:9      | Reached skill level 1 in Evocations
  8510 | D:9      | Reached skill level 1 in Throwing
  8637 | D:9      | Found a sacrificial altar of Ru.
  8669 | D:9      | Found a shadowy altar of Dithmenos.
  9089 | D:10     | Entered Level 10 of the Dungeon
  9570 | D:10     | Found a staircase to the Orcish Mines.
  9576 | D:10     | Reached skill level 5 in Throwing
 10204 | Orc:1    | Entered Level 1 of the Orcish Mines
 10219 | Orc:1    | Noticed an orc knight
 10233 | Orc:1    | Reached skill level 1 in Invocations
 10234 | Orc:1    | Killed an orc knight
 10550 | Orc:1    | Reached XP level 11. HP: 77/84 MP: 12/12
 10721 | Orc:1    | Noticed an orc warlord
 10952 | Orc:1    | Reached skill level 5 in Invocations
 10975 | Orc:1    | HP: 2/84 [orc warlord/bolt (18)]
 11139 | Orc:1    | Slain by an orc warlord

Illustrated notes

Levels and vault maps discovered:
D:1:      grunt_arrival_crossed_arrows, layout_loops_corners
D:2:      layout_basic, dreamdust_ecumenical_altar_statues,
          chequers_serial_rivers_room_b
D:3:      layout_basic
D:4:      minmay_evil_eye, layout_layer_cave, minmay_temple_entry_grid,
          minmay_manual_moon
D:5:      layout_loops_ring, gammafunk_ghost_icy, gup_sewer_entry_glass,
          due_unseen_surprise
D:6:      layout_gridville, mainiacjoe_overflow_large_starburst,
          bh_walls_and_bars
D:7:      layout_loops_cross, mainiacjoe_overflow_six_doors_small, tgw_trog,
          serial_shops, nicolae_shop_competitors_out_of_business,
          blue_anna_alchemist, st_stairs_8
D:8:      layout_rooms, mainiacjoe_overflow_alcove_1, elyvilon_altar_4,
          hangedman_abyss_or_decor_passed
D:9:      layout_loops_ring, mainiacjoe_overflow_two_lobes,
          nicolae_straight_to_the_point
D:10:     layout_irregular_city, erik_orc_2, serial_column_ruins,
          column_ruins_open_small, column_ruins_open_tiny,
          column_ruins_open_tiny, column_ruins_grid_1, column_ruins_grid_1
Temple:   eino_narrow_crystal_temple
Orc:1:    layout_caves

Skill      XL: |  1  2  3  4  5  6  7  8  9 10 11 |
---------------+----------------------------------+-----
Fighting       | 4 |  4.0
Shields        | 4 5 |  5.0
Dodging        | 2 3 5 6 |  6.0
Axes           | 6 8 12 15 16 | 16.0
Evocations     | 3 |  3.0
Throwing       | 6 |  6.0
Invocations    | 3 5 |  5.0
Armour         | |  3.6

Action                     |  1- 3 |  4- 6 |  7- 9 | 10-12 || total
---------------------------+-------+-------+-------+-------++-------
  Melee: War axe           |    95 |   125 |   199 |   183 ||   602
         Headbutt          |     7 |    18 |    31 |    30 ||    86
  Throw: Dart              |       |       |       |     4 ||     4
 Invoke: Recall Undead Har |       |       |       |     2 ||     2
  Evoke: Wand              |       |       |     2 |    27 ||    29
    Use: Scroll            |     2 |       |     7 |     9 ||    18
         Potion            |       |     1 |     2 |     5 ||     8
   Stab: Distracted        |       |       |       |     1 ||     1
 Armour: Plate armour      |    90 |   117 |   134 |   138 ||   479
         Scale mail        |     1 |       |       |       ||     1
  Dodge: Dodged            |    23 |    31 |    47 |    54 ||   155
  Block: Buckler           |    10 |    85 |    89 |    83 ||   267
         Reflection        |       |     2 |     1 |    10 ||    13
